 Dungeon Crawl Stone Soup version 0.29.0-7-g18a832c13a (webtiles) character file.

Game seed: 4293224175271051353

159 Iusername the Conjurer (level 5, -9/28 HPs)
             Began as a Kobold Conjurer on Aug 31, 2022.
             Killed by nerve-wracking pain
             ... invoked by Grinder
              (11 damage)
             ... on level 4 of the Dungeon.
             The game lasted 00:09:15 (4726 turns).

Iusername the Conjurer (Kobold Conjurer)            Turns: 4726, Time: 00:09:16

Health: -9/28      AC:  3    Str:  5    XL:     5   Next: 68%
Magic:  3/10       EV: 15    Int: 19    God:
Gold:   144        SH:  0    Dex: 15    Spells: 10/11 levels left

rFire   + . .      SeeInvis .   s - +3 dagger (venom)
rCold   + . .      Faith    .   (no shield)
rNeg    . . .      Spirit   .   a - +1 robe
rPois   .          Reflect  .   (no helmet)
rElec   .          Harm     .   j - scarf {rC+ rF+}
rCorr   .          Rampage  .   (no gloves)
Will    .....                   (no boots)
Stlth   +++.......              (no amulet)
HPRegen 0.09/turn               (no ring)
MPRegen 0.12/turn               (no ring)

@: hasted, very quick
A: small, no large weapons, nightstalker 3
a: no special abilities


You were on level 4 of the Dungeon.
You visited 1 branch of the dungeon, and saw 4 of its levels.

You collected 144 gold pieces.

Inventory:

Hand Weapons
 s - a +3 dagger of venom (weapon)
Armour
 a - a +1 robe (worn)
 j - a scarf of resistance (worn)
Jewellery
 o - a ring of protection from fire
Scrolls
 i - 3 scrolls of noise
 l - a scroll of fear
 n - 2 scrolls of torment
 q - a scroll of butterflies
Potions
 b - a potion of haste
 c - a potion of mutation {unknown}
 d - a potion of degeneration {unknown}
 e - a potion of heal wounds {unknown}
 h - 2 potions of curing {unknown}
 k - 3 potions of brilliance {unknown}
 r - a potion of might {unknown}


   Skills:
 + Level 2.7 Dodging
 + Level 3.4 Stealth
 + Level 3.7 Spellcasting
 + Level 5.3 Conjurations


You had 10 spell levels left.
You knew the following spells:

 Your Spells              Type           Power      Damage    Failure   Level
a - Magic Dart            Conj           92%        1d7       1%          1

Your spell library contained the following spells:

 Spells                   Type           Power      Damage    Failure   Level
 Searing Ray              Conj           46%        2d6       2%          2
 Summon Small Mammal      Summ           12%        N/A       14%         1
 Dazzling Flash           Conj/Hex       26%        N/A       14%         3
 Call Canine Familiar     Summ           3%         N/A       38%         3
 Summon Guardian Golem    Hex/Summ       3%         N/A       38%         3
 Fulminant Prism          Conj/Hex       6%         3d7       43%         4
 Iskenderun's Mystic Bla  Conj/Tloc      13%        2d5       43%         4


Dungeon Overview and Level Annotations

Branches:
Dungeon (4/15)
 Temple: D:4-7

Altars:
Kikubaaqudgha
Uskayaw

Annotations:
D:4 Grinder


Innate Abilities, Weirdness & Mutations

You are small and have problems with some larger weapons.
You are completely attuned to the shadows.


Message History

You kill the hound!
Grinder comes into view.
The magic dart hits Grinder.
Grinder is lightly wounded.
Grinder shouts!
Grinder gestures at you. Pain shoots through your body!
The magic dart hits Grinder but does no damage.
Grinder is lightly wounded.
The magic dart hits Grinder.
Grinder is lightly wounded.
Grinder gestures at you.
You suddenly lose the ability to move!
You can move again.
The magic dart hits Grinder.
Grinder is lightly wounded.
The magic dart hits Grinder.
Grinder is moderately wounded.
Grinder completely misses you.
The magic dart hits Grinder but does no damage.
Grinder is moderately wounded.
Grinder closely misses you.
The magic dart hits Grinder.
Grinder is moderately wounded.
Grinder hits you.
You are too injured to fight recklessly!
You completely miss Grinder.
Grinder is moderately wounded.
Grinder hits you.
You writhe in agony.
You hit Grinder.
Grinder is moderately wounded.
Grinder hits you.
* * * LOW HITPOINT WARNING * * *
You writhe in agony.
* * * LOW HITPOINT WARNING * * *
It was a potion of haste.
You feel yourself speed up.
Grinder says, "Don't move a muscle."
Grinder gestures at you. Pain shoots through your body!
You die...

....#..~......
....#..~..
....#..~..
..#..~......
#.#..~.......~.
#.#.#~#.....#~#
##.#.#~~~~~~~~~
+....###....5###.
##.#........@†...
#.#...####..#...
..#.#.......# .#
#..#.#####...# #
#.# ..... ......#


You could see Grinder.

Vanquished Creatures
  A hound (D:4)
  Robin (D:3)
  3 adders
  A white imp (D:3)
  A worm (D:2)
  3 dart slugs
  4 ball pythons
  3 endoplasms
  3 giant cockroaches
  17 goblins
  10 hobgoblins
  3 quokkas
  6 bats
  3 frilled lizards
  5 kobolds
  5 rats
  A spectral kobold (D:2)
70 creatures vanquished.

Notes
Turn   | Place    | Note
-------+----------+-------------------------------------------
     0 | D:1      | Iusername the Kobold Conjurer began the quest for the Orb.
     0 | D:1      | Reached XP level 1. HP: 10/10 MP: 3/3
   661 | D:1      | Reached XP level 2. HP: 15/15 MP: 1/5
  1670 | D:1      | Reached XP level 3. HP: 19/19 MP: 4/6
  2637 | D:2      | Found a hide-covered altar of Uskayaw.
  2689 | D:2      | Reached XP level 4. HP: 24/24 MP: 3/7
  3051 | D:2      | Found a faded altar of an unknown god.
  3318 | D:2      | Reached skill level 5 in Conjurations
  3630 | D:3      | Found an ancient bone altar of Kikubaaqudgha.
  3740 | D:3      | Identified the +4 ring mail of Uskayaw {rPois}
  4018 | D:3      | Reached XP level 5. HP: 28/28 MP: 5/9
  4077 | D:3      | Noticed Robin
  4109 | D:3      | Killed Robin
  4714 | D:4      | Noticed Grinder
  4717 | D:4      | Paralysed by Grinder for 3 turns
  4726 | D:4      | Killed from afar by Grinder

Illustrated notes

Levels and vault maps discovered:
D:1:      dpeg_arrival_stone_temple_mockup, layout_basic, minmay_unequal
D:2:      layout_loops_ring, basic_altar,
          dreamdust_ecumenical_altar_drowned_temple
D:3:      layout_rooms, kiku_gazebo_pond_becter, hex_medium, uniq_robin
D:4:      layout_basic, jmf_multi_god_temple, minmay_temple_entry_water_ring,
          minmay_misc_feat_secret_circle, kennysheep_flooded_box, uniq_edmund,
          uniq_crazy_yiuf_cottage, uniq_grinder, uniq_natasha

Skill      XL: |  1  2  3  4 |
---------------+-------------+-----
Stealth        | 3 |  3.4
Conjurations   | 5 |  5.3
Spellcasting   | 3 |  3.7
Dodging        | |  2.7

Action                   |  1- 3 |  4- 6 || total
-------------------------+-------+-------++-------
Melee: Unarmed           |     1 |       ||     1
       Dagger            |     7 |     8 ||    15
 Cast: Magic Dart        |    66 |    90 ||   156
  Use: Potion            |     1 |     1 ||     2
       Scroll            |       |    11 ||    11
Armor: Robe              |     2 |     4 ||     6
Dodge: Dodged            |    15 |    13 ||    28
